 Seeded DCSS version 0.30.1-4-g462c640d31 (webtiles) character file.

Game seed: 6351066067085065685 (custom seed)

218 Esekla the Magician (level 5, -2/28 HPs)
             Began as a Deep Elf Wanderer on Sept 18, 2023.
             Was a Follower of Vehumet.
             Slain by an orc
             ... wielding a +0 hand axe
              (3 damage)
             ... on level 4 of the Dungeon.
             The game lasted 00:21:49 (3207 turns).

Esekla the Magician (Deep Elf Wanderer)             Turns: 3207, Time: 00:21:50

Health: -2/28      AC:  4    Str: 11    XL:     5   Next: 63%
Magic:  2/16       EV: 11    Int: 20    God:    Vehumet [*.....]
Gold:   195        SH:  4    Dex: 14    Spells: 7/17 levels left

rFire   . . .        s - +5 rapier of the Hero {heavy, rN+ Dex+3}
rCold   . . .        d - +0 buckler
rNeg    + . .        c - +0 robe
rPois   .            l - +0 helmet
rElec   .            (no cloak)
rCorr   .            k - +0 pair of gloves
SInv    .            (no boots)
Will    .....        (no amulet)
Stlth   ++           (no ring)
HPRegen 0.24/turn    (no ring)
MPRegen 0.15/turn

%: no passive effects
@: very slightly contaminated
A: no striking features
a: Renounce Religion


You were on level 4 of the Dungeon.
You worshipped Vehumet.
Vehumet was aware of your devotion.
You visited 1 branch of the dungeon, and saw 4 of its levels.

You collected 195 gold pieces.

Inventory:

Hand Weapons
 a - a +1 short sword of freezing
 r - a +0 spear
 s - the +5 rapier of the Hero (weapon) {heavy, rN+ Dex+3}
   (You found it on level 3 of the Dungeon)

   Dex:       It affects your dexterity (+3).
   rN:        It protects you from negative energy.
Missiles
 v - 7 poisoned darts (quivered)
Armour
 c - a +0 robe (worn)
 d - a +0 buckler (worn)
 k - a +0 pair of gloves (worn)
 l - a +0 helmet (worn)
Wands
 i - a wand of roots (9)
Scrolls
 g - 3 scrolls of identify {unknown}
 n - 2 scrolls of enchant weapon {unknown}
 o - a scroll of amnesia {unknown}
 p - a scroll of immolation {unknown}
 q - a scroll of blinking {unknown}
 t - a scroll of fog {unknown}
 u - a scroll of enchant armour {unknown}
Potions
 b - a potion of lignification
 e - a potion of ambrosia {unknown}
 f - 2 potions of attraction {unknown}
 h - a potion of heal wounds {unknown}
 j - 2 potions of curing
 m - a potion of mutation {unknown}
 w - 2 potions of brilliance {unknown}


   Skills:
 + Level 1.8 Short Blades
 + Level 0.5 Throwing
 * Level 1.5 Dodging
 + Level 1.8 Stealth
 + Level 1.6 Shields
 * Level 6.6 Spellcasting
 + Level 1.6 Conjurations
 * Level 1.2 Necromancy
 + Level 2.8 Translocations
 + Level 1.0 Invocations


You had 7 spell levels left.
You knew the following spells:

 Your Spells              Type           Power      Damage    Failure   Level
a - Magic Dart            Conj           52%        1d5       8%          1
b - Blink                 Tloc           34%        N/A       7%          2
d - Vampiric Draining     Necr           11%        2d6       26%         3
p - Apportation           Tloc           34%        N/A       4%          1
t - Teleport Other        Tloc           17%        N/A       14%         3

Your spell library contained the following spells:

 Spells                   Type           Power      Damage    Failure   Level
 Freeze                   Ice            24%        1d4       14%         1
 Lesser Beckoning         Tloc           34%        N/A       7%          2
 Gell's Gravitas          Tloc           17%        N/A       14%         3
 Ignite Poison            Fire/Tmut/Pois 6%         N/A       41%         3


Dungeon Overview and Level Annotations

Branches:
Dungeon (4/15)
 Temple: D:4-7

Altars:
Hepliaklqana
Okawaru
Qazlal
Trog
Vehumet
Zin
The Shining One

Shops:
D:2 =   D:4 (

Annotations:
D:2 black bear


Message History

Aim: a gnoll bouda, wielding a +0 club and wearing a +0 leather armour (almost dead)
You miscast Vampiric Draining.
Nothing appears to happen.
The gnoll bouda closely misses you. You block the orc's attack.
Casting: Vampiric Draining (quite dangerous; 26% risk of failure)
Confirm with . or Enter, or press ? or * to list all spells.
The spell is quite dangerous to miscast (26% risk of failure)!
Continue anyway?
Aiming: Vampiric Draining (quite dangerous; 26% risk of failure)
Press: ? - help, Shift-Dir - straight line, f/p - gnoll bouda
Aim: a gnoll bouda, wielding a +0 club and wearing a +0 leather armour (almost dead)
You miscast Vampiric Draining.
You shiver with cold.
You partially resist.
You feel drained.
The gnoll bouda barks out a call to the hunt!
You block the orc's attack.
Casting: Vampiric Draining (extremely dangerous; 26% risk of failure)
Confirm with . or Enter, or press ? or * to list all spells.
Aiming: Magic Dart (safe; 14% risk of failure)
Press: ? - help, Shift-Dir - straight line, f/p - gnoll bouda
Aim: a gnoll bouda, wielding a +0 club and wearing a +0 leather armour (almost dead, 100% to hit)
The magic dart hits the gnoll bouda but does no damage.
The gnoll bouda is almost dead.
The gnoll bouda barely misses you. You block the orc's attack.
You puncture the gnoll bouda!
You kill the gnoll bouda!
Vehumet accepts your kill.
You feel your power returning. The orc barely misses you.
The orc hits you with a +0 hand axe.
Your life force feels restored.
Your Conjurations skill increases to level 1!
You hit the orc but do no damage. The orc completely misses you.
The orc hits you with a +0 hand axe.
You closely miss the orc.
Your attacks no longer feel as feeble.
The orc hits you with a +0 hand axe.
* * * LOW HITPOINT WARNING * * *
You closely miss the orc. The orc hits you with a +0 hand axe.
* * * LOW HITPOINT WARNING * * *
The orc closely misses you.
You closely miss the orc. The orc closely misses you.
The orc hits you with a +0 hand axe.
You die...

.##...............### #.
g...................####.
....g.....##.............
........................#
.........................
..g......#####...........
......#.'#.#.#'....##.... o....
###o.#.)##...##.... . ....
#@)_#_..#....#.... .. ...
#########....'.... ... ..
#.._#_..#....#....
....####+#####..#..##.........
...........'.'#.#.#'..#......#
............###..#####...#.......
............###..........#.......
..........#.##................#..
.....#####.##..........##....#.#


You could see an orc.

Vanquished Creatures
  A gnoll bouda (D:4)
  A hound (D:3)
  An iguana (D:2)
  5 gnolls
  3 adders
  2 dart slugs
  4 orcs
  6 ball pythons
  4 endoplasms
  8 goblins
  4 hobgoblins
  A quokka (D:1)
  4 bats
  4 frilled lizards
  5 kobolds
  A rat (D:1)
54 creatures vanquished.

Notes
Turn   | Place    | Note
-------+----------+-------------------------------------------
     0 | D:1      | Esekla the Deep Elf Wanderer began the quest for the Orb.
     0 | D:1      | Esekla set off with the following items: a +0 club, a
                  | potion of lignification, a +0 robe, a +0 buckler; and the
                  | following spells available to memorise: Apportation, Blink,
                  | Lesser Beckoning, Magic Dart, Ignite Poison, Vampiric
                  | Draining.
     0 | D:1      | Reached XP level 1. HP: 10/10 MP: 7/7
     2 | D:1      | Learned a level 1 spell: Magic Dart
     4 | D:1      | Learned a level 1 spell: Apportation
   400 | D:2      | Found Renulab's Jewellery Shop.
   632 | D:4      | Found a radiant altar of Vehumet.
   636 | D:4      | Became a worshipper of Vehumet
   655 | D:4      | Found an iron altar of Okawaru.
   666 | D:4      | Found a glowing silver altar of Zin.
   760 | D:4      | Found Ponaysk's Antique Weapon Boutique.
   895 | D:3      | Reached XP level 2. HP: 15/15 MP: 9/9
   901 | D:3      | Learned a level 2 spell: Blink
  1098 | D:3      | Identified the +5 rapier of the Hero {heavy, rN+ Dex+3}
  1127 | D:2      | Reached skill level 5 in Spellcasting
  1207 | D:1      | Reached XP level 3. HP: 19/19 MP: 2/11
  1212 | D:1      | Learned a level 3 spell: Vampiric Draining
  1416 | D:1      | Reached * piety under Vehumet
  1416 | D:1      | Offered knowledge of Freeze by Vehumet.
  1427 | D:1      | Learned a level 3 spell: Teleport Other
  2060 | D:2      | Noticed a black bear
  2160 | D:2      | Found a faded altar of an unknown god.
  2199 | D:2      | Reached skill level 6 in Spellcasting
  2199 | D:2      | Reached XP level 4. HP: 24/24 MP: 11/14
  2280 | D:2      | Reached skill level 1 in Short Blades
  2355 | D:2      | Reached skill level 1 in Dodging
  2582 | D:3      | Found a hazy altar of Hepliaklqana.
  2584 | D:3      | Found a bloodstained altar of Trog.
  2598 | D:3      | Reached XP level 5. HP: 15/28 MP: 12/16
  2662 | D:3      | Found a stormy altar of Qazlal.
  3095 | D:4      | Found a glowing golden altar of the Shining One.
  3131 | D:4      | Reached skill level 1 in Necromancy
  3204 | D:4      | Reached skill level 1 in Conjurations
  3206 | D:4      | HP: 1/28 [orc/+0 hand axe (5)]
  3207 | D:4      | Slain by an orc

Illustrated notes

Levels and vault maps discovered:
D:1:      sevenhm_arrival_forest_fort_small_3, layout_rooms,
          chequers_serial_rivers_room_b, minmay_misc_feat_five
D:2:      layout_loops_ring, dreamdust_ecumenical_altar_angels_and_demons,
          serial_shops, shop
D:3:      layout_basic, grunt_temple_overflow_open, minmay_misc_feat_iff
D:4:      layout_basic, nicolae_overflow_quartered_altars, serial_shops,
          nicolae_diamond_shop

Skill      XL: |  1  2  3  4  5 |
---------------+----------------+-----
Spellcasting   | 5 6 |  6.6
Short Blades   | 1 |  1.8
Dodging        | 1 |  1.5
Necromancy     | 1 |  1.2
Conjurations   | 1 |  1.6
Throwing       | |  0.5
Stealth        | |  1.8
Shields        | |  1.6
Translocations | |  2.8
Invocations    | |  1.0

Action                     |  1- 3 |  4- 6 || total
---------------------------+-------+-------++-------
  Melee: Short sword       |    24 |    19 ||    43
         Rapier            |    21 |    27 ||    48
  Throw: Dart              |     2 |     5 ||     7
   Cast: Apportation       |    38 |     2 ||    40
         Magic Dart        |    58 |    23 ||    81
         Blink             |     2 |       ||     2
         Vampiric Draining |       |     5 ||     5
    Use: Scroll            |     1 |       ||     1
   Stab: Sleeping          |     3 |       ||     3
 Armour: Robe              |    26 |     6 ||    32
  Dodge: Dodged            |    30 |    27 ||    57
  Block: Buckler           |     4 |    17 ||    21
